 Dungeon Crawl Stone Soup version 0.23-a0-344-ge122d05 (webtiles) character file.

6372 Garbasso the Transmogrifier (level 10, -24/80 HPs)
             Began as a Merfolk Transmuter on Oct 19, 2018.
             Was a High Priest of Okawaru.
             Annihilated by a white ugly thing (30 damage)
             ... on level 10 of the Dungeon.
             The game lasted 00:36:48 (11763 turns).

Garbasso the Transmogrifier (Merfolk Transmuter)   Turns: 11763, Time: 00:36:49

Health: -24/80     AC:  8    Str: 20    XL:     10   Next: 97%
Magic:  10/17      EV: 15    Int: 15    God:    Okawaru [*****.]
Gold:   524        SH:  0    Dex: 16    Spells: 4/19 levels left

rFire    . . .     SeeInvis .     - Unarmed
rCold    . . .     Gourm    +   (shield currently unavailable)
rNeg     + . .     Faith    .   u - +1 ring mail of Rebb {*Contam rN+ rCorr Str+6}
rPois    +         Spirit   .   y - +1 helmet
rElec    .         Reflect  .   (no cloak)
rCorr    +         Harm     .   (gloves currently unavailable)
MR       .....                  (no boots)
Stlth    +.........             m - amulet of the gourmand
HPRegen  0.23/turn              w - +4 ring of strength
MPRegen  0.15/turn              s - ring of poison resistance

@: blade hands (expiring)
A: change form in water, swift swim, stealthy swim
a: End Transformation, Heroism, Finesse, Renounce Religion


You were on level 10 of the Dungeon.
You worshipped Okawaru.
Okawaru was extremely pleased with you.
You were very full.
You had blades for hands.
You visited 2 branches of the dungeon, and saw 11 of its levels.

You collected 524 gold pieces.

Inventory:

Missiles
 a - 66 arrows
 c - 3 tomahawks (quivered)
 v - 3 javelins of penetration
Armour
 u - the +1 ring mail of Rebb (worn) {*Contam rN+ rCorr Str+6}
   (You found it on level 7 of the Dungeon)

   It affects your strength (+6).
   It protects you from negative energy.
   It causes magical contamination when unequipped.
   It provides partial protection from all sources of acid and corrosion.
 x - a +0 pair of gloves (melded)
 y - a +1 helmet (worn)
Jewellery
 f - an uncursed ring of flight
 k - an uncursed ring of magical power
 m - an amulet of the gourmand (around neck)
 s - a ring of poison resistance (right scythe-like blade)
 w - a +4 ring of strength (left scythe-like blade)
Wands
 n - a wand of acid (20)
 q - a wand of iceblast (9)
Scrolls
 g - 2 scrolls of remove curse
 h - 7 scrolls of identify
 o - a scroll of immolation
 p - a scroll of brand weapon {unknown}
 t - 2 scrolls of teleportation
 B - a scroll of magic mapping {unknown}
Potions
 b - 4 potions of flight
 e - a potion of haste
 i - 4 potions of heal wounds
 j - a potion of lignification
 l - a potion of brilliance {unknown}
 r - 3 potions of curing
 z - a potion of resistance
Comestibles
 d - 10 rations
 A - a chunk of flesh


   Skills:
 + Level 7.9 Fighting
 + Level 6.8 Dodging
 - Level 1.2 Stealth
 + Level 9.0 Unarmed Combat
 - Level 5.0 Spellcasting
 - Level 10.4 Transmutations
 - Level 2.0 Ice Magic
 - Level 2.0 Poison Magic
 * Level 6.3 Invocations


You had 4 spell levels left.
You knew the following spells:

 Your Spells              Type           Power        Failure   Level  Hunger
a - Blade Hands           Tmut           #####.....   47%         5    ######.
b - Sticks to Snakes      Tmut           #####...     12%         2    ##.....
c - Spider Form           Tmut/Pois      ###.......   36%         3    ###....
d - Ice Form              Ice/Tmut       ###.....     65%         4    ####...
e - Beastly Appendage     Tmut           #####.       11%         1    None

Your spell library contained the following spells:

 Spells                   Type           Power        Failure   Level  Hunger
 Freeze                   Ice            #...         50%         1    None
 Throw Frost              Conj/Ice       #.....       71%         2    ##.....
 Ozocubu's Armour         Chrm/Ice       #.......     87%         3    ###....
 Summon Ice Beast         Ice/Summ       #.......     99%         4    ####...
 Throw Icicle             Conj/Ice       #.......     99%         4    ####...


Dungeon Overview and Level Annotations

Branches:
Dungeon (10/15)            Temple (1/1) D:5            Lair (0/6) D:10
    Orc (0/2) D:10

Altars:
Cheibriados
Dithmenos
Elyvilon
Gozag
Kikubaaqudgha
Makhleb
Okawaru
Qazlal
Ru
Sif Muna
Trog
Uskayaw
Vehumet
Xom
The Shining One
Beogh

Annotations:
D:5 3 runed doors, Ijustatesigmund's ghost, novice OpWz


Message History

Casting: Blade Hands (slightly dangerous; 11% risk of failure)
Confirm with . or Enter, or press ? or * to list all spells.
Your hands turn into razor-sharp scythe blades.
Your +0 pair of gloves melds into your body.
The white ugly thing tentacle-slaps you!
The white ugly thing freezes you!!
You are too injured to fight recklessly!
You are too injured to fight recklessly!
You are too injured to fight recklessly!
Casting: Blade Hands (very dangerous; 47% risk of failure)
Confirm with . or Enter, or press ? or * to list all spells.
You create 2 snakes!
You now have 66 arrows.
The white ugly thing tentacle-slaps you.
The white ugly thing freezes you!!
* * * LOW HITPOINT WARNING * * *
You are too injured to fight recklessly!
The white ugly thing tentacle-slaps you!
* * * LOW HITPOINT WARNING * * *
The white ugly thing freezes you!!
You die...

#.# #..>.......# #.#
#....).....# #.#
##.##......## #.#
#..........# #.#
####.......#
#.######........#
#...............##+#+##.
#.......................
#.........8....S@u......
#...............S.......
#.......................
#.............##########
#.............#
..............#
..............#
........<.....#########
##.....######..........


You could see a white ugly thing, a friendly adder and a friendly ball python.

Vanquished Creatures
  A two-headed ogre (D:9)
  A gargoyle (D:10)
  A troll (D:10)
  A hornet (D:10)
  2 hippogriffs (D:10)
  Sigmund (D:2)
  5 yaks (D:10)
  A hungry ghost (D:7)
  An ice beast (D:6)
  5 orc warriors
  A black bear (D:6)
  A phantom (D:7)
  3 ogres
  A necrophage (D:9)
  A centaur (D:7)
  3 bullfrogs
  6 scorpions
  3 killer bees (D:8)
  4 wights (D:9)
  5 crimson imps
  A centaur zombie (D:5)
  A quasit (D:6)
  5 hounds
  3 jellies
  An iron imp (D:9)
  A bullfrog skeleton (D:5)
  5 orc priests
  14 orc wizards
  Terence (D:2)
  Jessica (D:3)
  An iguana (D:7)
  4 worker ants
  A hound zombie (D:5)
  4 hound skeletons
  A howler monkey zombie (D:8)
  3 gnolls (D:4)
  7 adders
  A howler monkey skeleton (D:4)
  5 shadow imps
  3 adder zombies
  3 worms
  2 dart slugs
  5 leopard geckos
  34 orcs
  A ball python (D:1)
  A bat zombie (D:9)
  2 giant cockroaches
  10 goblins
  11 hobgoblins
  10 jackals
  3 quokkas
  7 bats
  2 frilled lizards
  7 kobolds
  A leopard gecko skeleton (D:7)
  5 rats
  A rat zombie (D:9)
215 creatures vanquished.

Vanquished Creatures (collateral kills)
  An acid dragon (D:7)
  2 phantoms
  An ogre (D:7)
  A bullfrog (D:10)
  A hound (D:6)
  A shadow imp (D:7)
  6 orcs
  A jackal (D:7)
14 creatures vanquished.

Grand Total: 229 creatures vanquished

Notes
Turn   | Place    | Note
-------+----------+-------------------------------------------
     0 | D:1      | Garbasso the Merfolk Transmuter began the quest for the
                  | Orb.
     0 | D:1      | Reached XP level 1. HP: 15/15 MP: 3/3
    79 | D:1      | Reached XP level 2. HP: 11/21 MP: 3/5
    89 | D:1      | Reached skill level 3 in Transmutations
   494 | D:1      | Reached XP level 3. HP: 6/27 MP: 4/6
  1110 | D:2      | Noticed Terence
  1155 | D:1      | Learned a level 2 spell: Sticks to Snakes
  1159 | D:1      | Learned a level 3 spell: Spider Form
  1265 | D:2      | Killed Terence
  1265 | D:2      | Reached XP level 4. HP: 33/33 MP: 3/7
  2209 | D:2      | Noticed Sigmund
  2227 | D:2      | Killed Sigmund
  2227 | D:2      | Reached skill level 5 in Unarmed Combat
  2227 | D:2      | Reached skill level 4 in Transmutations
  2227 | D:2      | Reached XP level 5. HP: 16/39 MP: 1/9
  2428 | D:3      | Noticed Jessica
  2436 | D:3      | Killed Jessica
  2436 | D:3      | Reached XP level 6. HP: 46/46 MP: 10/10
  3047 | D:3      | Found a shadowy altar of Dithmenos.
  3472 | D:4      | Reached skill level 5 in Transmutations
  3573 | D:4      | Reached skill level 1 in Stealth
  3888 | D:4      | Reached XP level 7. HP: 42/52 MP: 11/11
  3895 | D:4      | Reached skill level 1 in Poison Magic
  4514 | D:5      | Entered Level 5 of the Dungeon
  4530 | D:5      | Found a staircase to the Ecumenical Temple.
  4541 | Temple   | Entered the Ecumenical Temple
  4563 | Temple   | Became a worshipper of Warmaster Okawaru
  5278 | D:5      | Reached skill level 6 in Transmutations
  5301 | D:5      | Found a stormy altar of Qazlal.
  5322 | D:5      | Found a runed gate.
  5322 | D:5      | Found a runed gate.
  5323 | D:5      | Found a runed gate.
  5328 | D:5      | Noticed Ijustatesigmund's ghost (novice OpWz)
  5576 | D:5      | Found a shimmering altar of Xom.
  6055 | D:6      | Found a bloodstained altar of Trog.
  6096 | D:6      | Reached skill level 7 in Transmutations
  6096 | D:6      | Reached XP level 8. HP: 59/61 MP: 11/12
  6117 | D:6      | Reached * piety under Okawaru
  6126 | D:6      | Learned a level 4 spell: Ice Form
  6238 | D:6      | Reached skill level 1 in Ice Magic
  6495 | D:6      | Reached skill level 8 in Transmutations
  6841 | D:6      | Reached skill level 5 in Fighting
  7050 | D:7      | Got a heavily runed ring mail
  7051 | D:7      | Identified the +1 ring mail of Rebb {*Contam rN+ rCorr
                  | Str+6} (You found it on level 7 of the Dungeon)
  7128 | D:7      | Found a burning altar of Makhleb.
  7283 | D:7      | Reached skill level 9 in Transmutations
  7292 | D:7      | Reached ** piety under Okawaru
  7292 | D:7      | Reached XP level 9. HP: 19/68 MP: 5/13
  8016 | D:7      | Found a sacrificial altar of Ru.
  8232 | D:8      | Reached skill level 10 in Transmutations
  8531 | D:8      | Found a hide-covered altar of Uskayaw.
  8625 | D:8      | Learned a level 5 spell: Blade Hands
  9153 | D:9      | Reached *** piety under Okawaru
  9177 | D:9      | Found an ancient bone altar of Kikubaaqudgha.
  9217 | D:9      | Reached skill level 1 in Invocations
  9810 | D:9      | Found a snail-covered altar of Cheibriados.
  9881 | D:9      | Reached XP level 10. HP: 77/77 MP: 14/16
  9887 | D:9      | Reached skill level 5 in Dodging
  9925 | D:9      | Noticed a two-headed ogre
  9932 | D:9      | Killed a two-headed ogre
  9932 | D:9      | Reached **** piety under Okawaru
 10226 | D:9      | Found a radiant altar of Vehumet.
 10523 | D:10     | Entered Level 10 of the Dungeon
 10669 | D:10     | Found a staircase to the Lair.
 10673 | D:10     | Identified the +2 scale mail of Utangurch {rF- Str+2 Int+3}
                  | (You found it on level 10 of the Dungeon)
 10960 | D:10     | Noticed a gargoyle
 10977 | D:10     | Killed a gargoyle
 10977 | D:10     | Reached skill level 5 in Spellcasting
 10977 | D:10     | Reached skill level 5 in Invocations
 11302 | D:10     | Reached ***** piety under Okawaru
 11313 | D:10     | Received a gift from Okawaru
 11593 | D:10     | Found a staircase to the Orcish Mines.
 11601 | D:10     | Found a roughly hewn altar of Beogh.
 11759 | D:10     | Noticed a white ugly thing
 11763 | D:10     | Annihilated by a white ugly thing

Vault maps used:
D:1:      doesnt_arrival_eight_statues
D:2:      first_ration, uniq_sigmund, uniq_terence
D:3:      lemuel_coloured_pillars_altar, uniq_jessica
D:4:      serial_corexii_hall, chequers_hall_statues_wall_a,
          chequers_hall_statues_wall_a, hangedman_abyss_or_decor_stagger
D:5:      marbit_many_paths, minmay_temple_entry_large_hall,
          gammafunk_ghost_necromancy, nicolae_qazlal_general_emergency
D:6:      old_standard_altar
D:7:      minmay_opposing_rooms, lemuel_crystal_altar, basic_altar
D:8:      lemuel_doored_altar
D:9:      minmay_flawed_box, overflow_temple_1_default, slow_altar_1,
          lemuel_zombie_altar_kikubaaqudgha
D:10:     dpeg_oklobed_lair, minmay_orc_entry_temple_small, serial_column_ruins,
          column_ruins_square_medium, column_ruins_open_medium,
          column_ruins_open_medium, column_ruins_open_large,
          column_ruins_open_tiny, column_ruins_grid_1
Temple:   nicolae_temple_god_jail

Skill      XL: |  1  2  3  4  5  6  7  8  9 10 |
---------------+-------------------------------+-----
Transmutations | 3 4 5 7 9 10 | 10.4
Unarmed Combat | 4 5 6 7 8 9 |  9.0
Fighting       | 2 3 4 5 6 7 |  7.9
Spellcasting   | 3 4 5 |  5.0
Stealth        | 1 |  1.2
Poison Magic   | 2 |  2.0
Ice Magic      | 2 |  2.0
Dodging        | 4 6 |  6.8
Invocations    | 2 6 |  6.3

Action                   |  1- 3 |  4- 6 |  7- 9 | 10-12 || total
-------------------------+-------+-------+-------+-------++-------
Melee: Unarmed           |    94 |   168 |   355 |    97 ||   714
       Headbutt          |    11 |    10 |    14 |       ||    35
       Punch             |     2 |     3 |     5 |     4 ||    14
 Cast: Beastly Appendage |    15 |    13 |    10 |       ||    38
       Spider Form       |     1 |    11 |    18 |     1 ||    31
       Sticks to Snakes  |     1 |     2 |    51 |     7 ||    61
       Blade Hands       |       |       |     9 |    11 ||    20
       Ice Form          |       |       |     1 |     1 ||     2
Invok: Heroism           |       |       |     4 |     2 ||     6
  Use: Potion            |       |     3 |     1 |       ||     4
       Scroll            |       |       |    15 |     2 ||    17
 Stab: Sleeping          |       |       |     4 |       ||     4
       Distracted        |       |       |     4 |       ||     4
  Eat: Chunk             |     1 |     9 |    12 |    21 ||    43
       Ration            |       |     1 |     5 |     1 ||     7
Armor: Robe              |    14 |    21 |    19 |       ||    54
       Skin              |       |       |    14 |     3 ||    17
       Ring mail         |       |       |    28 |    19 ||    47
Dodge: Dodged            |    56 |   109 |   277 |    59 ||   501

Table legend:
 A = Non-vault XP
 B = Vault XP
 C = Vault XP percentage of total XP
 D = Non-vault monster count
 E = Vault monster count
 F = Vault count percentage of total count
                 A         B        C        D         E       F
            +---------+---------+-------+---------+---------+-------
      Total |    8030 |    1073 |  11.8 |     203 |      26 |  11.4
            +---------+---------+-------+---------+---------+-------
        D:1 |      43 |       0 |   0.0 |      23 |       0 |   0.0
        D:2 |      34 |     205 |  85.8 |      17 |       2 |  10.5
        D:3 |     117 |      37 |  24.0 |      26 |       1 |   3.7
        D:4 |     311 |       0 |   0.0 |      15 |       0 |   0.0
        D:5 |     259 |      12 |   4.4 |      11 |       1 |   8.3
        D:6 |     865 |       0 |   0.0 |      18 |       0 |   0.0
        D:7 |     745 |     427 |  36.4 |      21 |       8 |  27.6
        D:8 |     763 |       0 |   0.0 |      14 |       0 |   0.0
        D:9 |    1803 |     262 |  12.7 |      26 |       9 |  25.7
       D:10 |    3078 |     130 |   4.1 |      28 |       5 |  15.2
     Temple |      12 |       0 |   0.0 |       4 |       0 |   0.0
            +---------+---------+-------+---------+---------+-------
